 Dungeon Crawl Stone Soup version 0.21.1-1-g345015f (webtiles) character file.

1269 Fang the Chopper (level 8, -5/49 HPs)
             Began as a Gargoyle Berserker on May 27, 2018.
             Was a Priest of Trog.
             Killed from afar by falsifian's ghost (24 damage)
             ... with an orb of energy
             ... on level 6 of the Dungeon.
             The game lasted 00:05:58 (5124 turns).

Fang the Chopper (Gargoyle Berserker)               Turns: 5124, Time: 00:05:59

Health: -5/49      AC: 13    Str: 19    XL:     8   Next: 53%
Magic:  8/8        EV: 15    Int:  8    God:    Trog [***...]
Gold:   258        SH:  0    Dex: 14    Spells: 7/7 levels left

rFire    + + +     SeeInvis .   a - +2 hand axe
rCold    . . .     Gourm    .   (no shield)
rNeg     + . .     Faith    +   v - +0 leather armour of Voechir {rF+++ Str-4 Dex+5}
rPois    ∞         Spirit   .   (no helmet)
rElec    +         Reflect  .   u - +1 cloak
rCorr    .         Harm     .   (no gloves)
MR       .....                  f - +1 pair of boots {Stlth+}
Stlth    +++.......             i - amulet of faith
HPRegen  0.16/turn              t - ring of protection from fire
MPRegen  0.11/turn              e - +2 ring of evasion

@: no status effects
A: negative energy resistance 1, electricity resistance, unbreathing,
petrification resistance, rot immunity, AC +5
a: Berserk, Trog's Hand, Burn Spellbooks, Renounce Religion


You were on level 6 of the Dungeon.
You worshipped Trog.
Trog was most pleased with you.
You were not hungry.

You visited 1 branch of the dungeon, and saw 6 of its levels.

You collected 258 gold pieces.

Inventory:

Hand Weapons
 a - a +2 hand axe (weapon)
Armour
 b - a +2 animal skin
 f - a +1 pair of boots of stealth (worn)
 u - a +1 cloak (worn)
 v - the +0 leather armour of Voechir (worn) {rF+++ Str-4 Dex+5}
   (You found it on level 6 of the Dungeon)

   It affects your strength (-4).
   It affects your dexterity (+5).
   It renders you almost immune to fire.
Jewellery
 e - a +2 ring of evasion (right hand)
 i - an amulet of faith (around neck)
 p - an uncursed amulet of harm
 t - a ring of protection from fire (left hand)
Scrolls
 j - a scroll of remove curse
 m - 3 scrolls of identify
 n - a scroll of magic mapping
Potions
 d - 3 potions of curing
 g - 2 potions of brilliance {unknown}
 h - 4 potions of lignification {unknown}
 k - a potion of degeneration {unknown}
 l - a potion of haste
 r - a potion of invisibility {unknown}
 s - a potion of heal wounds {unknown}
Books
 o - a book of Misfortune

   Spells                             Type                      Level
   a - Confusing Touch                Hexes                        1
   b - Confuse                        Hexes                        3
   c - Gell's Gravitas                Translocation                3
   d - Petrify                        Transmutation/Earth          4
   e - Metabolic Englaciation         Hexes/Ice                    5
   f - Yara's Violent Unravelling     Hexes/Transmutation          5
   Trog disapproves of the use of such an item.
 q - a book of Cantrips

   Spells                             Type                      Level
   a - Confusing Touch                Hexes                        1
   b - Animate Skeleton               Necromancy                   1
   c - Summon Small Mammal            Summoning                    1
   d - Apportation                    Translocation                1
   Trog disapproves of the use of such an item.
Comestibles
 c - 3 rations


   Skills:
 + Level 5.2 Fighting
 + Level 7.3 Axes
 + Level 2.4 Armour
 + Level 3.7 Dodging
 + Level 4.0 Stealth


You had 7 spell levels left.
You didn't know any spells.

Dungeon Overview and Level Annotations

Branches:
Dungeon (6/15)
 Temple: D:4-7

Altars:
Dithmenos
Hepliaklqana
Okawaru
Vehumet
Yredelemnul
The Shining One

Annotations:
D:6 falsifian's ghost, novice DECj


Innate Abilities, Weirdness & Mutations

You are resistant to torment.
Your stone body is resilient. (AC +5)
You are immune to poison.
You resist negative energy. (rN+)
You are resistant to electric shocks. (rElec)
You can survive without breathing.
You are immune to petrification.
You are immune to rotting.


Message History

You eat one of the 4 rations.
That ration really hit the spot!
You start waiting.
You feel yourself speed up.
You start waiting.
You recover from your berserk rage.
Falsifian's ghost turns its malevolent gaze towards you.
Falsifian's ghost gestures at you while chanting.
The magic dart hits you!
Found a scroll of magic mapping.
Falsifian's ghost is nearby!
Falsifian's ghost is nearby!
Falsifian's ghost points at you and mumbles some strange words.
The orb of energy hits you!
The orb of energy explodes!
Falsifian's ghost casts a spell at you. The spray of energy hits you!
You are too injured to fight recklessly!
Unknown command.
Falsifian's ghost casts a spell at you. The orb of energy hits you!
You die...

#.###. ####
#####.# #. ..#
.....# #. ...
#..###. #W#
#...... #.#
##.#### #.#
##.## #.######
#.<.# #.W...@#
#.#.#
#######.#####
####.#.###
............#
#....#....
#######.###.#
#.#######. #.#
#.###....#....
#.#
#........#.###
#.##########.#.#
#.............>#
################


You could see falsifian's ghost.

Vanquished Creatures
  The ghost of Dre2Dee2 the Firebug, a novice HOFE of Nemelex Xobeh (D:5)
  Duvessa (D:6)
  An ogre (D:6)
  A centaur (D:6)
  A bullfrog (D:6)
  Dowan (D:6)
  A scorpion (D:4)
  A howler monkey (D:5)
  3 crimson imps
  2 orc priests
  An iguana (D:5)
  An orc wizard (D:4)
  2 worker ants
  A hound zombie (D:6)
  3 gnolls (D:6)
  5 adders
  3 shadow imps
  4 oozes
  An adder skeleton (D:4)
  5 worms
  2 dart slugs
  A leopard gecko (D:5)
  12 orcs
  9 bats
  3 giant cockroaches
  6 goblins
  6 hobgoblins
  6 jackals (D:1)
  3 quokkas
  2 ball pythons
  11 frilled lizards
  A giant cockroach zombie (D:5)
  6 kobolds
  A leopard gecko skeleton (D:4)
  4 rats
112 creatures vanquished.

Notes
Turn   | Place    | Note
-------+----------+-------------------------------------------
     0 | D:1      | Fang the Gargoyle Berserker began the quest for the Orb.
     0 | D:1      | Reached XP level 1. HP: 14/14 MP: 1/1
   172 | D:1      | Reached XP level 2. HP: 19/19 MP: 2/2
   208 | D:1      | Reached skill level 3 in Axes
   267 | D:1      | Reached XP level 3. HP: 24/24 MP: 3/3
   386 | D:1      | Reached ** piety under Trog
   653 | D:2      | Found a shadowy altar of Dithmenos.
   653 | D:2      | Found an iron altar of Okawaru.
   677 | D:2      | Found a glowing golden altar of the Shining One.
   735 | D:2      | Reached XP level 4. HP: 28/29 MP: 4/4
   862 | D:2      | Found a faded altar of an unknown god.
   887 | D:2      | Reached skill level 1 in Stealth
  1383 | D:3      | Reached skill level 4 in Axes
  1383 | D:3      | Reached XP level 5. HP: 33/33 MP: 5/5
  1894 | D:4      | Found a basalt altar of Yredelemnul.
  2363 | D:4      | Reached XP level 6. HP: 36/38 MP: 6/6
  2364 | D:4      | Found a hazy altar of Hepliaklqana.
  2826 | D:5      | Entered Level 5 of the Dungeon
  2832 | D:5      | You fall through a shaft!
  2846 | D:6      | Noticed falsifian's ghost (novice DECj)
  2968 | D:5      | Noticed Dre2Dee2's ghost (novice HOFE)
  3005 | D:5      | Killed Dre2Dee2's ghost
  3005 | D:5      | Reached skill level 5 in Axes
  3005 | D:5      | Reached XP level 7. HP: 10/44 MP: 7/7
  3638 | D:5      | Found a radiant altar of Vehumet.
  3698 | D:5      | Found a basalt altar of Yredelemnul.
  4170 | D:5      | Reached skill level 6 in Axes
  4727 | D:6      | Paralysed by a crimson imp for 6 turns
  4736 | D:6      | Paralysed by a crimson imp for 3 turns
  4750 | D:6      | Reached XP level 8. HP: 40/48 MP: 8/8
  4764 | D:6      | Reached *** piety under Trog
  4798 | D:6      | Reached skill level 5 in Fighting
  4933 | D:6      | Reached skill level 7 in Axes
  4942 | D:6      | Got a spiked leather armour
  4953 | D:6      | Identified the cursed +0 leather armour of Voechir {rF+++ Str-4 Dex+5} (You found it on level 6 of the Dungeon)
  4992 | D:6      | Noticed Dowan
  5006 | D:6      | Noticed Duvessa
  5020 | D:6      | Killed Duvessa
  5022 | D:6      | Killed Dowan
  5124 | D:6      | Killed from afar by falsifian's ghost

Skill      XL: |  1  2  3  4  5  6  7  8 |
---------------+-------------------------+-----
Axes           | 3 4 5 6 7 |  7.3
Dodging        | 2 3 |  3.7
Stealth        | 1 2 3 4 |  4.0
Fighting       | 4 5 |  5.2
Armour         | |  2.4

Action                   |  1- 3 |  4- 6 |  7- 9 || total
-------------------------+-------+-------+-------++-------
Melee: Hand axe          |    74 |   140 |   166 ||   380
Invok: Berserk           |     1 |     2 |     2 ||     5
  Use: Scroll            |     5 |     6 |     1 ||    12
 Stab: Sleeping          |     4 |    10 |     2 ||    16
  Eat: Chunk             |       |     7 |     2 ||     9
       Ration            |       |     1 |     2 ||     3
Armor: Animal skin       |    28 |    54 |    46 ||   128
       Leather armour    |       |       |     2 ||     2
Dodge: Dodged            |    65 |    71 |    96 ||   232
